 Dungeon Crawl Stone Soup version 0.21.1-1-g345015f (webtiles) character file.

1285 troglodite the Skirmisher (level 8, 0/96 HPs)
             Began as a Demonspawn Berserker on June 19, 2018.
             Was a Believer of Trog.
             Slain by a cyan ugly thing (16 damage)
             ... on level 6 of the Dungeon.
             The game lasted 00:17:57 (5432 turns).

troglodite the Skirmisher (Demonspawn Berserker)    Turns: 5432, Time: 00:17:58

Health: 0/96       AC: 10    Str: 24    XL:     8   Next: 29%
Magic:  8/8        EV: 12    Int:  8    God:    Trog [**....]
Gold:   283        SH:  0    Dex: 14    Spells: 7/7 levels left

rFire    . . .     SeeInvis .   a - +0 falchion
rCold    . . .     Gourm    .   (no shield)
rNeg     + . .     Faith    .   v - +0 chain mail
rPois    .         Spirit   .   y - +0 hat
rElec    .         Reflect  .   s - +0 cloak
rCorr    .         Harm     .   (no gloves)
MR       .....                  (no boots)
Stlth    ..........             n - amulet of regeneration
HPRegen  0.66/turn              j - ring of positive energy
MPRegen  0.11/turn              l - ring of flight

@: berserking, very quick
A: talons 2, demonic guardian 1, sturdy frame 2
a: Berserk, Trog's Hand, Burn Spellbooks, Renounce Religion, Evoke Flight


You were on level 6 of the Dungeon.
You worshipped Trog.
Trog was pleased with you.
You were hungry.

You visited 1 branch of the dungeon, and saw 6 of its levels.

You collected 283 gold pieces.

Inventory:

Hand Weapons
 a - a +0 falchion (weapon)
Armour
 s - a +0 cloak (worn)
 v - a +0 chain mail (worn)
 y - a +0 hat (worn)
Jewellery
 j - a ring of positive energy (left hand)
 l - a ring of flight (right hand)
 n - an amulet of regeneration (around neck)
 E - an uncursed ring of ice
Wands
 t - a wand of scattershot (4)
 C - a wand of disintegration (19)
 D - a wand of paralysis (8)
 G - a wand of flame (34)
Scrolls
 b - a scroll of blinking {unknown}
 d - 3 scrolls of remove curse {unknown}
 e - 5 scrolls of identify {unknown}
 f - a scroll of random uselessness {unknown}
 i - 6 scrolls of teleportation {unknown}
 k - a scroll of fog {unknown}
 r - 2 scrolls of immolation {unknown}
 w - a scroll of enchant armour {unknown}
 A - a scroll of magic mapping {unknown}
Potions
 g - a potion of flight {unknown}
 h - 3 potions of heal wounds {unknown}
 m - 2 potions of ambrosia {unknown}
 o - 3 potions of haste {unknown}
 p - a potion of magic {unknown}
 q - a potion of mutation {unknown}
 u - 4 potions of curing {unknown}
 x - a potion of resistance {unknown}
 z - a potion of degeneration {unknown}
 F - a potion of agility {unknown}
Comestibles
 c - 12 rations
 B - a chunk of flesh


   Skills:
 * Level 6.0 Fighting
 + Level 5.3 Long Blades
 * Level 4.7 Armour
 * Level 4.4 Dodging
 + Level 1.4 Stealth


You had 7 spell levels left.
You didn't know any spells.

Dungeon Overview and Level Annotations

Branches:
Dungeon (6/15)             Temple (0/1) D:4

Altars:
Ashenzari
Gozag
Hepliaklqana
Uskayaw
Vehumet
Xom
Zin

Annotations:
D:6 Eustachio


Innate Abilities, Weirdness & Mutations

You have razor-sharp toenails.
A weak demonic guardian rushes to your aid.
Your movements are less encumbered by armour. (ER -4)


Message History

Your ufetubus barely misses the cyan ugly thing.
The cyan ugly thing bites you. The cyan ugly thing shocks you!
You hit the cyan ugly thing.
The cyan ugly thing is lightly wounded.
Your ufetubus barely misses the cyan ugly thing. x2
The cyan ugly thing bites you but does no damage.
Your ufetubus barely misses the cyan ugly thing. x2
A red film seems to cover your vision as you go berserk!
You feel yourself moving faster!
You feel mighty!
You are feeling hungry.
Your ufetubus hits the cyan ugly thing. x2; The cyan ugly thing bites you!
The cyan ugly thing shocks you!
* * * LOW HITPOINT WARNING * * *
You hit the cyan ugly thing. You claw the cyan ugly thing!
The cyan ugly thing is moderately wounded.
Your ufetubus barely misses the cyan ugly thing.
Your ufetubus hits the cyan ugly thing. The cyan ugly thing bites you.
* * * LOW HITPOINT WARNING * * *
The cyan ugly thing shocks you!
You die...

##.#.##
##.#...#########
##.###..........# #.##
##..######.# ##.###...#
#.# ##.#...## #.#
##.#.## #.# #####.#
#.######## #.....#
#5@u5..... #.#...#####
##########
#.........########
#)#....).........# ###
#.##.#.##.######.# #..
#<##.#.##.## #.# #.#
#[)).).....# #.# #.#
##.)#.#.##..#####.###.#
....#.#.##..##........#


You could see a cyan ugly thing, a friendly iron imp and a friendly ufetubus.

Vanquished Creatures
  2 orc warriors (D:6)
  A black bear (D:3)
  2 centaurs
  A bullfrog (D:6)
  A bullfrog zombie (D:6)
  2 crimson imps
  An orc priest (D:5)
  2 orc wizards
  3 worker ants
  3 gnolls (D:3)
  10 adders
  A shadow imp (D:5)
  3 worms
  An adder skeleton (D:6)
  2 dart slugs
  3 leopard geckos
  13 orcs
  4 giant cockroaches
  3 goblins
  4 hobgoblins
  4 kobolds
  5 bats
  5 frilled lizards
  A jackal skeleton (D:4)
  A quokka skeleton (D:4)
  6 rats
84 creatures vanquished.

Vanquished Creatures (collateral kills)
  Grinder (D:5)
  An ice beast (D:4)
  A phantom (D:4)
  A quasit (D:6)
  A worker ant (D:4)
  A gnoll (D:3)
  An orc (D:6)
7 creatures vanquished.

Grand Total: 91 creatures vanquished

Notes
Turn   | Place    | Note
-------+----------+-------------------------------------------
     0 | D:1      | troglodite the Demonspawn Berserker began the quest for the Orb.
     0 | D:1      | Reached XP level 1. HP: 18/18 MP: 1/1
   475 | D:1      | Gained mutation: You have sharp toenails. [demonic ancestry]
   475 | D:1      | Reached XP level 2. HP: 24/24 MP: 2/2
   863 | D:2      | Noticed a crimson imp
   868 | D:2      | Killed a crimson imp
   868 | D:2      | Reached XP level 3. HP: 30/30 MP: 3/3
   874 | D:2      | Gained mutation: Your movements are slightly less encumbered by armour. (ER -2) [demonic ancestry]
   874 | D:2      | Reached XP level 4. HP: 37/37 MP: 4/4
  1643 | D:2      | Reached skill level 4 in Fighting
  1767 | D:2      | Found a faded altar of an unknown god.
  1827 | D:2      | Found a shimmering altar of Xom.
  1827 | D:2      | Found a glowing silver altar of Zin.
  1827 | D:2      | Noticed an angel
  2058 | D:2      | Noticed a centaur
  2064 | D:2      | Killed a centaur
  2064 | D:2      | Reached XP level 5. HP: 20/42 MP: 5/5
  2200 | D:3      | Noticed a black bear
  2201 | D:3      | Found a shattered altar of Ashenzari.
  2204 | D:3      | Killed a black bear
  2204 | D:3      | Gained mutation: A weak demonic guardian rushes to your aid. [demonic ancestry]
  2204 | D:3      | Reached XP level 6. HP: 49/49 MP: 6/6
  2277 | D:3      | Found a hide-covered altar of Uskayaw.
  2404 | D:3      | Found a hazy altar of Hepliaklqana.
  2480 | D:3      | Reached ** piety under Trog
  3232 | D:4      | Noticed an ice beast
  3238 | D:4      | Killed an ice beast
  3238 | D:4      | Reached skill level 5 in Fighting
  3413 | D:4      | Found an opulent altar of Gozag.
  3499 | D:4      | Gained mutation: You have razor-sharp toenails. [demonic ancestry]
  3499 | D:4      | Reached XP level 7. HP: 56/56 MP: 7/7
  3552 | D:4      | Found a staircase to the Ecumenical Temple.
  3737 | D:4      | Reached skill level 1 in Stealth
  4047 | D:5      | Entered Level 5 of the Dungeon
  4699 | D:5      | Noticed Grinder
  4704 | D:5      | Killed Grinder
  4858 | D:6      | Reached skill level 5 in Long Blades
  4859 | D:6      | Noticed Eustachio
  4920 | D:6      | Gained mutation: Your movements are less encumbered by armour. (ER -4) [demonic ancestry]
  4920 | D:6      | Reached XP level 8. HP: 64/64 MP: 8/8
  5128 | D:6      | Reached skill level 6 in Fighting
  5296 | D:6      | Found a radiant altar of Vehumet.
  5425 | D:6      | Noticed a cyan ugly thing
  5432 | D:6      | Slain by a cyan ugly thing

Skill      XL: |  1  2  3  4  5  6  7  8 |
---------------+-------------------------+-----
Dodging        | 2 3 4 |  4.4
Armour         | 2 3 4 |  4.7
Long Blades    | 3 4 5 |  5.3
Fighting       | 4 5 6 |  6.0
Stealth        | 1 |  1.4

Action                   |  1- 3 |  4- 6 |  7- 9 || total
-------------------------+-------+-------+-------++-------
Melee: Falchion          |    42 |   111 |   130 ||   283
       Kick              |     7 |    37 |    48 ||    92
Invok: Berserk           |     2 |     2 |     6 ||    10
 Stab: Sleeping          |       |     2 |       ||     2
  Eat: Chunk             |     1 |    10 |     8 ||    19
       Ration            |       |       |     1 ||     1
Armor: Animal skin       |    14 |    14 |       ||    28
       Chain mail        |       |     8 |    69 ||    77
Dodge: Dodged            |    40 |    73 |    67 ||   180
       Rpst.: Falchion   |    13 |    24 |    18 ||    55
